 Dungeon Crawl Stone Soup version 0.29-a0-214-g17f627cfee (webtiles) character file.

Game seed: 5753703938758220930

7014 Crownlay the Carver (level 10, -4/90 HPs)
             Began as a Minotaur Hunter on Feb 24, 2022.
             Was a Priest of Okawaru.
             Slain by an orc warrior
             ... wielding a +0 trident
             ... led by an orc knight
              (22 damage)
             ... on level 9 of the Dungeon.
             The game lasted 00:17:47 (10114 turns).

Crownlay the Carver (Minotaur Hunter)              Turns: 10114, Time: 00:17:48

Health: -4/90      AC: 11    Str: 18    XL:     10   Next: 82%
Magic:  11/11      EV:  8    Int:  8    God:    Okawaru [***...]
Gold:   385        SH:  0    Dex: 14    Spells: 9/9 levels left

rFire   + . .      SeeInvis .   p - +7 Throatcutter {drain, coup de grace}
rCold   + . .      Faith    .   z - orb {light}
rNeg    . . .      Spirit   .   q - +0 chain mail
rPois   .          Reflect  .   (helmet restricted)
rElec   .          Harm     .   (no cloak)
rCorr   .          Rampage  .   d - +0 pair of gloves
Will    .....                   (no boots)
Stlth   ..........              (no amulet)
HPRegen 0.25/turn               n - ring of protection from fire
MPRegen 0.12/turn               t - ring of protection from cold

@: glowing
A: horns 2, retaliatory headbutt
a: Renounce Religion, Heroism


You were on level 9 of the Dungeon.
You worshipped Okawaru.
Okawaru was most pleased with you.
You visited 2 branches of the dungeon, and saw 10 of its levels.

You collected 385 gold pieces.

Inventory:

Hand Weapons
 a - a +1 hand crossbow
 j - a +2 spear of venom
 p - the +7 Throatcutter (weapon) {drain, coup de grace}
   (You found it on level 3 of the Dungeon)

   A truly terrible weapon, it drains the life of any living foe it strikes.
   It may instantly kill foes which have little health.
 H - a +2 hand axe of flaming
Missiles
 l - 9 atropa-tipped darts
 y - a throwing net
Armour
 d - a +0 pair of gloves (worn)
 q - a +0 chain mail (worn)
 r - the +1 robe of the Volcano {-Tele rF+ rC+ Str+2}
   (You found it on level 7 of the Dungeon)

   Str:       It affects your strength (+2).
   rF:        It protects you from fire.
   rC:        It protects you from cold.
   -Tele:     It prevents most forms of teleportation.
 z - an orb of light (worn)
 B - a +2 buckler
Jewellery
 n - a ring of protection from fire (left hand)
 t - a ring of protection from cold (right hand)
 I - a ring of ice
Wands
 b - a wand of polymorph (8)
 C - a wand of flame (48)
Scrolls
 g - 2 scrolls of blinking
 h - 2 scrolls of fear
 v - 2 scrolls of fog {unknown}
 w - 2 scrolls of teleportation
 x - a scroll of enchant weapon {unknown}
 A - 4 scrolls of enchant armour
 D - 2 scrolls of identify
 E - a scroll of magic mapping {unknown}
 G - a scroll of noise {unknown}
Potions
 c - 5 potions of curing
 e - a potion of berserk rage {unknown}
 f - 2 potions of lignification {unknown}
 i - 2 potions of brilliance {unknown}
 k - 2 potions of mutation {unknown}
 m - 2 potions of attraction {unknown}
 o - 2 potions of heal wounds
 s - a potion of cancellation {unknown}
 u - 3 potions of resistance
 F - a potion of might {unknown}


   Skills:
 + Level 8.6 Fighting
 * Level 11.7 Long Blades
 - Level 10.3 Crossbows
 + Level 7.2 Armour
 - Level 2.1 Dodging
 - Level 0.7 Stealth
 - Level 4.0 Shields
 + Level 3.1 Invocations


You had 9 spell levels left.
You didn't know any spells.
Your spell library contained the following spells:

 Spells                   Type           Power      Damage    Failure   Level
 Apportation              Tloc           0%         N/A       99%         1
 Blink                    Tloc           0%         N/A       100%        2
 Stone Arrow              Conj/Erth      0%         3d7       100%        3
 Manifold Assault         Tloc           0%         N/A       100%        5
 Storm Form               Tmut/Air       0%         N/A       100%        7
 Lehudib's Crystal Spear  Conj/Erth      0%         10d2      100%        8
 Animate Skeleton         Necr           Unusable   N/A       N/A         1
 Summon Small Mammal      Summ           Unusable   N/A       N/A         1
 Animate Armour           Summ/Erth      Unusable   N/A       N/A         4

Dungeon Overview and Level Annotations

Branches:
Dungeon (9/15)             Temple (1/1) D:7
   Lair: D:8-11         Orc: D:9-12

Altars:
Ashenzari
Cheibriados
Elyvilon
Fedhas
Gozag
Hepliaklqana
Kikubaaqudgha
Nemelex Xobeh
Okawaru
Qazlal
Ru
Sif Muna
Trog
Uskayaw
Vehumet
Wu Jian
Yredelemnul
Zin
The Shining One


Innate Abilities, Weirdness & Mutations

You have a pair of horns on your head.
You reflexively headbutt those who attack you in melee.


Message History

You catch the helpless orc knight completely off-guard!
You hit the orc knight but do no damage.
You drain the orc knight.
The orc knight is moderately wounded.
The orc warrior no longer looks unusually strong. x2
The orc warrior hits you from afar with a +2 glaive of freezing!
The orc warrior freezes you.
The orc warrior hits you but does no damage.
The orc knight struggles against the net.
You are too injured to fight recklessly!
You are too injured to fight recklessly!
You are too injured to fight recklessly!
You are too injured to fight recklessly!
You slash the orc knight!
The orc knight is heavily wounded.
The orc warrior barely misses you.
The orc warrior hits you from afar with a +0 trident!
You slash the orc knight! You drain the orc knight.
The orc knight is severely wounded.
The orc knight struggles against the net.
The orc warrior hits you from afar with a +2 glaive of freezing!!
* * * LOW HITPOINT WARNING * * *
The orc warrior freezes you.
* * * LOW HITPOINT WARNING * * *
You feel much better.
The orc warrior hits you from afar with a +0 trident.
The orc knight roars a battlecry!
The orc warriors go into a battle-frenzy!
The orc knight struggles against the net.
The orc priest hits you with a +0 flail.
The orc warrior hits you from afar with a +2 glaive of freezing!
* * * LOW HITPOINT WARNING * * *
The orc warrior freezes you.
* * * LOW HITPOINT WARNING * * *
You catch the helpless orc knight completely off-guard!
You slash the orc knight!
You behead the orc knight!
You kill the orc knight!
Okawaru is honoured by your kill.
The orc warrior hits you from afar with a +0 trident!!
You die...

###### #...####...##
[...[#.#............
##...##.#....†.#.#####
).oo(#.....)÷[.......
#o..##.#...##[#.#####
... #.#...##.# #
#.###'###.#...##.#.#
#.........#.oo##.#.#
#######.#####.o)@....#
..............o###.#.#
...............# #.###
.........>###### #.#
.########## #.# #....#
#.# #.##(# #.# ##.##.#
#.# .#.##.# #.#


You could see 2 orc warriors, an orc priest (strong) and an orc (strong).

Vanquished Creatures
  Pikel (D:6)
  An orc knight (D:9)
  A cyclops (D:7)
  4 trolls
  A hornet (D:8)
  Prince Ribbit (D:9)
  5 yaks (D:8)
  Menkaure (D:5)
  2 water moccasins
  2 sky beasts
  3 orc warriors (D:9)
  3 ice beasts
  2 necrophages
  A hornet zombie (D:6)
  2 centaurs (D:9)
  4 ogres
  2 phantoms (D:6)
  A lemure (D:6)
  4 kobold brigands
  A gnoll sergeant (D:6)
  A bullfrog (D:9)
  A wyvern zombie (D:8)
  A scorpion (D:6)
  A water moccasin zombie (D:5)
  A water moccasin skeleton (D:4)
  6 killer bees (D:7)
  2 electric eels (D:7)
  4 wights (D:8)
  A centaur zombie (D:8)
  A jelly (D:6)
  2 hounds
  8 orc priests
  A bullfrog skeleton (D:7)
  4 iguanas
  2 centaur skeletons
  6 orc wizards
  A killer bee zombie (D:8)
  2 hound zombies (D:5)
  4 howler monkey zombies
  8 gnolls
  10 adders
  2 shadow imps
  A white imp (D:8)
  3 worms
  3 dart slugs
  24 orcs
  4 endoplasms
  3 giant cockroaches
  7 goblins
  4 hobgoblins
  8 jackals
  A quokka (D:4)
  5 ball pythons
  2 bats
  4 frilled lizards
  42 kobolds
  4 rats
226 creatures vanquished.

Vanquished Creatures (others)
  70 plants
  A withered plant (D:1)
71 creatures vanquished.

Grand Total: 297 creatures vanquished

Notes
Turn   | Place    | Note
-------+----------+-------------------------------------------
     0 | D:1      | Crownlay the Minotaur Hunter began the quest for the Orb.
     0 | D:1      | Reached XP level 1. HP: 18/18 MP: 0/0
    61 | D:1      | Found a faded altar of an unknown god.
   135 | D:1      | Reached skill level 1 in Armour
   135 | D:1      | Reached XP level 2. HP: 25/25 MP: 1/1
   413 | D:1      | Reached skill level 5 in Crossbows
   943 | D:2      | Reached XP level 3. HP: 30/30 MP: 2/2
  1380 | D:2      | Reached XP level 4. HP: 32/37 MP: 3/3
  2441 | D:3      | Reached XP level 5. HP: 30/42 MP: 4/4
  2764 | D:3      | Found the +7 Throatcutter {drain, coup de grace}
  3109 | D:4      | Reached skill level 1 in Long Blades
  3113 | D:4      | Reached XP level 6. HP: 30/50 MP: 5/5
  3120 | D:4      | Reached skill level 2 in Long Blades
  3688 | D:4      | Noticed a water moccasin
  3708 | D:4      | Killed a water moccasin
  3709 | D:4      | Reached skill level 3 in Long Blades
  3951 | D:4      | Reached XP level 7. HP: 49/57 MP: 6/6
  4544 | D:5      | Entered Level 5 of the Dungeon
  4634 | D:5      | Reached skill level 4 in Long Blades
  5010 | D:5      | Reached XP level 8. HP: 58/66 MP: 7/7
  5081 | D:5      | Reached skill level 5 in Armour
  5083 | D:5      | Reached skill level 5 in Long Blades
  5462 | D:5      | Noticed Menkaure
  5466 | D:5      | Killed Menkaure
  5810 | D:6      | Reached skill level 6 in Long Blades
  5841 | D:6      | Noticed Pikel
  5847 | D:6      | Killed Pikel
  5848 | D:6      | Reached skill level 5 in Fighting
  5848 | D:6      | Reached skill level 7 in Long Blades
  6077 | D:6      | Reached XP level 9. HP: 75/75 MP: 8/8
  6303 | D:6      | Reached skill level 10 in Crossbows
  6332 | D:6      | Reached skill level 8 in Long Blades
  6867 | D:7      | Reached skill level 9 in Long Blades
  6888 | D:7      | Identified the +1 robe of the Volcano {-Tele rF+ rC+ Str+2}
  7014 | D:7      | Identified the +9 quarterstaff of Precise Incision
                  | {antimagic, rC+ rN+}
  7404 | D:7      | Found a staircase to the Ecumenical Temple.
  7416 | Temple   | Entered the Ecumenical Temple
  7455 | Temple   | Became a worshipper of Warmaster Okawaru
  7534 | D:7      | Reached skill level 1 in Shields
  7589 | D:7      | Noticed a troll
  7593 | D:7      | Killed a troll
  7697 | D:7      | Noticed a cyclops
  7704 | D:7      | Killed a cyclops
  7705 | D:7      | Reached skill level 10 in Long Blades
  7705 | D:7      | Reached XP level 10. HP: 32/86 MP: 9/9
  8067 | D:7      | Reached * piety under Okawaru
  8628 | D:8      | Paralysed by a hornet for 1 turns
  8632 | D:8      | Reached skill level 1 in Invocations
  8857 | D:8      | Reached ** piety under Okawaru
  9099 | D:8      | Reached skill level 11 in Long Blades
  9351 | D:8      | Identified the +3 quarterstaff of Esezi {vorpal, rN+}
 10020 | D:9      | Noticed Prince Ribbit
 10026 | D:9      | Killed Prince Ribbit
 10091 | D:9      | Noticed an orc knight
 10092 | D:9      | Upgraded the game from 0.29-a0-206-g4a66f2e2b5 to
                  | 0.29-a0-214-g17f627cfee
 10105 | D:9      | Reached *** piety under Okawaru
 10114 | D:9      | Killed an orc knight
 10114 | D:9      | Slain by an orc warrior

Illustrated notes

Levels and vault maps discovered:
D:1:      elethiomel_arrival_infinity_welcomes_careful_drivers, layout_basic,
          ebering_ecumenical_altar_petrified
D:2:      layout_loops_ring, nicolae_grassy_gnolls
D:3:      layout_rooms, kennysheep_big_empty_room, minmay_misc_feat_plants
D:4:      kennysheep_kobold_camp, layout_loops_ring
D:5:      layout_basic, nicolae_elevator_lobby_asterisk, uniq_menkaure
D:6:      layout_loops_ring, uniq_pikel
D:7:      kennysheep_big_flooded_room, layout_loops_ring,
          minmay_temple_entry_grid, nicolae_fountain_basement
D:8:      layout_cave_pools, kennysheep_generic_room_5
D:9:      minmay_the_grid_3x2 [minmay_the_grid_plusring,
          minmay_the_grid_medium_cups, minmay_the_grid_armoury,
          minmay_the_grid_diamond_grid, minmay_the_grid_fan,
          minmay_the_grid_prize_trominoes], layout_basic, special_room
          [special_room_orc], uniq_prince_ribbit1
Temple:   nicolae_temple_the_god_donut

Skill      XL: |  1  2  3  4  5  6  7  8  9 10 |
---------------+-------------------------------+-----
Armour         | 1 2 3 4 5 7 |  7.2
Crossbows      | 5 6 7 8 9 10 | 10.3
Long Blades    | 1 3 4 7 10 11 | 11.7
Fighting       | 3 4 5 7 8 |  8.6
Shields        | 2 4 |  4.0
Invocations    | 3 |  3.1
Dodging        | |  2.1
Stealth        | |  0.7

Action                   |  1- 3 |  4- 6 |  7- 9 | 10-12 || total
-------------------------+-------+-------+-------+-------++-------
Melee: Spear             |       |    34 |       |       ||    34
       Headbutt          |       |    13 |    31 |    17 ||    61
       Long sword        |       |    57 |   161 |    91 ||   309
       Punch             |       |       |     2 |       ||     2
 Fire: Hand crossbow     |    76 |    90 |    36 |    17 ||   219
Throw: Throwing net      |       |       |       |     1 ||     1
Evoke: Wand              |       |       |       |     4 ||     4
  Use: Scroll            |       |       |     7 |     2 ||     9
       Potion            |       |       |       |     1 ||     1
 Stab: Held in net/web   |       |       |       |     3 ||     3
Armor: Leather armour    |     4 |    13 |       |       ||    17
       Chain mail        |       |    57 |    96 |    52 ||   205
Dodge: Dodged            |    13 |    56 |    63 |    41 ||   173

Table legend: (Time is in decaauts)
 A = Elapsed time spent in this place.
 B = Non-inter-level travel time spent in this place.
 C = Inter-level travel time spent in this place.
 D = Time resting spent in this place.
 E = Time spent auto-exploring this place.
 F = Levels seen in this place.
 G = Mean time per level.
                   A        B        C        D        E       F      G
               +--------+--------+--------+--------+--------+-----+--------+
         Total |  10184 |   9925 |    259 |      0 |   8508 |  10 | 1018.4 |
       Dungeon |  10113 |   9886 |    227 |      0 |   8490 |   9 | 1123.7 |
        Temple |     71 |     39 |     32 |      0 |     18 |   1 |   71.0 |
               +--------+--------+--------+--------+--------+-----+--------+

Top non-repeatable levels by time:
     D:7: 1539 daAuts
     D:4: 1465 daAuts
     D:2: 1314 daAuts
     D:5: 1270 daAuts
     D:6: 1148 daAuts
     D:8: 1085 daAuts
     D:1: 922 daAuts
     D:3: 904 daAuts
     D:9: 461 daAuts
  Temple: 71 daAuts
